Unix NetHack Version 3.7.0-89 Work-in-progress - last build Nov 3 2023 16:47:00 (ea8ed35e81eded05176fbf39db35bf4bcaa3adb9,branch:master). Game began 2023-11-07 21:20:21, ended 2023-11-07 21:41:06. 9629, chaotic male orcish Barbarian . . ------#--- ---. .......* .|. -----......-------------.|. ...|......|...| ..|.( |.|.-- .-......|...| ..|..0|.#.[.. |......|...|0......|.|.... | -----......--.--... )%|.|.... |. 0.......0......--|---%--%|%... |.........{......o.{....)%....%.%%%)%[. |.......... --..@--...%.--.---.--.|..+. | --+------ |.....|.-----... %..|.|.... |..%..|.| |...|..0|.|0 |.._..|.+ .0..... |.|. |.....|.| | ..|.( |.|. -------.- --------.|. % 0|. --- -. 9629 the Bandit St:18/02 Dx:16 Co:18 In:9 Wi:7 Ch:6 Chaotic Dlvl:6 $:255 HP:0(72) Pw:14(14) AC:5 Xp:7/753 T:2448 Latest messages: Wait! There's something there you can't see! The orc-captain shoots 2 poisoned orcish arrows! The 1st poisoned orcish arrow hits it. The poison doesn't seem to affect it. The 2nd poisoned orcish arrow hits it! The poison doesn't seem to affect it. It is destroyed! The orc-captain shoots 2 poisoned orcish arrows! You are hit by the 1st poisoned orcish arrow. The poison doesn't seem to affect you. You are hit by the 2nd poisoned orcish arrow. The poison doesn't seem to affect you. There are several objects here. Baneaithosai of Goruthosa shoots 2 poisoned orcish arrows! The 1st poisoned orcish arrow misses you. The 2nd poisoned orcish arrow misses you. You see here a watchman corpse. Baneaithosai of Goruthosa picks up an orcish bow. With great effort you move the boulder. Baneaithosai of Goruthosa picks up an Uruk-hai shield. You see here a cleric corpse. You have much trouble lifting a cleric corpse. Continue? [ynq] (q) You smite the raven! The raven just misses! The raven blinds you! You kill the raven! You try to feel what is lying here on the floor. You feel here a raven corpse. P - a raven corpse. You try to feel what is lying here on the floor. You feel here a cleric corpse. # In what direction? Never mind. # What do you want to sacrifice? Your sacrifice is consumed in a burst of flame! You sense a conflict between Set and Moloch. You feel the power of Set increase. You can see again. # There is an altar to Set (chaotic) here. The orc-captain swings his orcish bow. The orc-captain hits! The orc-captain swings his orcish bow. The orc-captain hits again! You die... Do you want your possessions identified? [ynq] (y) Do you want to see your attributes? [ynq] (y) Do you want an account of creatures vanquished? [ynaq] (y) Inventory: Coins $ - 255 gold pieces Amulets K - a cursed amulet of strangulation Weapons I - 2 +0 daggers a - a +0 battle-axe (weapon in hands) b - a +0 orcish short sword (alternate weapon; not wielded) Armor B - an uncursed +0 dwarvish iron helm G - an uncursed rustproof +0 pair of iron shoes E - a cursed +0 dwarvish cloak j - a blessed +2 studded leather armor (being worn) Comestibles N - an uncursed cram ration J - an uncursed food ration f - an uncursed tripe ration Scrolls y - an uncursed scroll of charging o - an uncursed scroll of enchant armor p - an uncursed scroll of enchant weapon h - a blessed scroll of identify M - a blessed scroll of stinking cloud Potions i - a cursed potion of levitation O - an uncursed potion of water Wands F - a blessed wand of make invisible (0:2) Tools v - a cursed tooled horn e - an uncursed oil lamp H - a +0 pick-axe q - a cursed tinning kit (0:33) w - a cursed wax candle 9629 the Barbarian's attributes: Background: You were a Bandit, a level 7 male orcish Barbarian. You were chaotic, on a mission for Set who was opposed by Mitra (lawful) and Crom (neutral). You were in the Gnomish Mines, on level 6. You entered the dungeon 2448 turns ago. You had 753 experience points, 527 more were needed to attain level 8. Basics: You had 0 out of 72 hit points. You had all 14 energy points (spell power). Your armor class was 5. Your wallet contained 255 zorkmids. Autopickup was off. Final Characteristics: Your strength was 18/02 (limit:18/50). Your dexterity was 16 (limit:18). Your constitution was 18 (limit:18). Your intelligence was 9 (limit:16). Your wisdom was 7 (limit:16). Your charisma was 6 (limit:16). Final Status: You weren't hungry. You were unencumbered. You were wielding an axe. You were skilled in axe. Final Attributes: You were piously aligned. You were poison resistant. You were telepathic. You had infravision. You were warded. You were fast. You were lucky. You are dead. Miscellaneous: You never encountered a bones level. Total elapsed playing time was 20 minutes and 44 seconds. Major events: Turn 1: 9629 the chaotic male orcish Barbarian entered the dungeon 1479: attained the rank of Pillager (level 3) 1512: entered the Gnomish Mines 2331: reached Mine Town 2337: attained the rank of Bandit (level 6) 2448: killed by an orc-captain Vanquished creatures: 5 orc-captains a raven 4 Mordor orcs an Uruk-hai 4 orc shamans a yellow light 2 gnome leaders a gnomish wizard a kobold mummy 2 floating eyes 4 dwarves a homunculus a kobold leader 13 hill orcs a rabid rat 2 acid blobs 2 manes 2 large kobolds 21 gnomes 2 geckos 3 jackals 8 grid bugs 2 lichens 6 newts 90 creatures vanquished. No species were genocided or became extinct. Voluntary challenges: You read items or engraved 2 times. You never engraved Elbereth. You never genocided any monsters. You never polymorphed an object. You never changed form. You used no wishes. Achievements: You attained the rank of Pillager. You entered the Gnomish Mines. You entered Minetown. You attained the rank of Bandit. The Dungeons of Doom: levels 1 to 6 Level 1: Level 2: Level 3: A fountain. Stairs down to The Gnomish Mines. Level 4: Level 5: Level 6: The Gnomish Mines: levels 4 to 6 Level 4: Level 5: Level 6: <- You were here. An altar to Set, some fountains. Final resting place for you, killed by an orc-captain. Game over: ---------- / \ / REST \ / IN \ / PEACE \ / \ | 9629 | | 255 Au | | killed by an | | orc-captain | | | | | | 2023 | *| * * * | * _________)/\\_//(\/(/\)/\//\/|_)_______ Goodbye 9629 the Barbarian... You died in The Gnomish Mines on dungeon level 6 with 3502 points, and 255 pieces of gold, after 2448 moves. You were level 7 with a maximum of 72 hit points when you died.